 Dungeon Sprint DCSS version 0.24-a0-463-g3510def36b (webtiles) character file.

Game seed: 949022871797445600

0 mahrnol the Skirmisher (level 4, -1/44 HPs)
             Began as a Hill Orc Fighter on July 2, 2019.
             Was an Initiate of Makhleb.
             Slain by a gnoll sergeant
             ... wielding a +0 trident
              (4 damage)
             ... in the Dungeon (Sprint VI: "Thunderdome").
             The game lasted 00:02:10 (90 turns).

mahrnol the Skirmisher (Hill Orc Fighter)             Turns: 90, Time: 00:02:10

Health: -1/44      AC:  8    Str: 19    XL:     4   Next: 20%
Magic:  4/4        EV:  9    Int:  8    God:    Makhleb [......]
Gold:   0          SH:  0    Dex: 10    Spells: 3/3 levels left

rFire    . . .     SeeInvis .   m - +3 quarterstaff (chaos)
rCold    . . .     Gourm    .   (shield currently unavailable)
rNeg     . . .     Faith    .   b - +0 scale mail
rPois    .         Spirit   .   (no helmet)
rElec    .         Reflect  .   n - +0 cloak
rCorr    .         Harm     .   (no gloves)
MR       .....     NoTele   +   (no boots)
Stlth    ..........             (no amulet)
HPRegen  0.14/turn              (no ring)
MPRegen  0.09/turn              (no ring)

@: no status effects
A: no striking features
a: Renounce Religion


You were in the Dungeon.
You worshipped Makhleb.
Makhleb was noncommittal.
You were not hungry.

You visited 1 branch

Inventory:

Hand Weapons
 a - a +0 war axe
 m - a +3 quarterstaff of chaos (weapon)
Armour
 b - a +0 scale mail (worn)
 c - a +0 shield
 n - a +0 cloak (worn)
Scrolls
 k - a scroll of blinking
Potions
 d - a potion of might
 e - a potion of curing
 g - a potion of heal wounds
 h - a potion of haste
 i - 2 potions of magic
 j - a potion of berserk rage
Comestibles
 f - a ration
 l - 4 chunks of flesh


   Skills:
 + Level 6.1 Fighting
 + Level 4.9 Axes
 + Level 5.6 Armour
 + Level 5.5 Shields


You had 3 spell levels left.
You didn't know any spells.
Your spell library was empty.

Dungeon Overview and Level Annotations

Branches:
Dungeon (1/1)

Altars:
Cheibriados
Dithmenos
Fedhas
Gozag
Kikubaaqudgha
Makhleb
Okawaru
Qazlal
Ru
Sif Muna
Trog
Uskayaw
Vehumet
Wu Jian
Xom
Yredelemnul
Zin
The Shining One
Beogh
Jiyva
Lugonu

Shops:
D *[%??*?*:[((!!!!


Message History

The gnoll sergeant hits you but does no damage.
The gnoll sergeant hits you with a +0 trident.
* * * LOW HITPOINT WARNING * * *
You barely miss the gnoll sergeant.
The gnoll sergeant is lightly wounded.
The gnoll sergeant completely misses you.
You hit the gnoll sergeant. You freeze the gnoll sergeant.
The gnoll sergeant is moderately wounded.
The gnoll sergeant hits you but does no damage.
You sock the gnoll sergeant!
The gnoll sergeant is poisoned.
The gnoll sergeant is severely wounded.
The gnoll sergeant hits you but does no damage.
You hit the gnoll sergeant but do no damage.
The gnoll sergeant is severely wounded.
The gnoll sergeant hits you with a +0 trident.
* * * LOW HITPOINT WARNING * * *
You hit the gnoll sergeant but do no damage.
The gnoll sergeant is severely wounded.
The gnoll sergeant hits you with a +0 trident.
You die...

##### ##⌠⌠g##
#...@.#
##.....##
##∩.....∩##
#∩.......∩#
#_......÷_#
#_......._#
#........_#
###.........###
#⌠...........⌠#


You could see a gnoll sergeant.

Vanquished Creatures
  Crazy Yiuf (D)
  A gnoll shaman (D)
  A gnoll (D)
3 creatures vanquished.

Notes
Turn   | Place    | Note
-------+----------+-------------------------------------------
     0 | D        | mahrnol the Hill Orc Fighter began the quest for the Orb.
     0 | D        | Reached XP level 1. HP: 19/19 MP: 1/1
     0 | D        | Found a basalt altar of Yredelemnul.
     1 | D        | Found an opulent altar of Gozag.
     1 | D        | Found a snail-covered altar of Cheibriados.
     2 | D        | Found a corrupted altar of Lugonu.
     2 | D        | Found a stormy altar of Qazlal.
     3 | D        | Found a glowing silver altar of Zin.
     3 | D        | Found a burning altar of Makhleb.
     3 | D        | Found Iriat's Magic Scroll Shop.
     3 | D        | Found Naawn's Staff Store.
     4 | D        | Found Saho's Magic Scroll Shop.
     4 | D        | Found Cosegat's Must-Have Magic.
     5 | D        | Round 1.
     7 | D        | Found a deep blue altar of Sif Muna.
     8 | D        | Found an ancient bone altar of Kikubaaqudgha.
    13 | D        | Found a radiant altar of Vehumet.
    14 | D        | Found Ywahuceu's Delicious Food.
    14 | D        | Found a sacrificial altar of Ru.
    14 | D        | Found an iron altar of Okawaru.
    14 | D        | Found an ornate altar of the Wu Jian Council.
    14 | D        | Found Ythreiff's Identification Station.
    15 | D        | Found Wegivul's Jewellery.
    15 | D        | Found Vochom's Advanced Armour.
    18 | D        | Found a roughly hewn altar of Beogh.
    20 | D        | Found a bloodstained altar of Trog.
    21 | D        | Found Ybiavvut's Premium Goods.
    22 | D        | Found a shimmering altar of Xom.
    22 | D        | Found a glowing golden altar of the Shining One.
    22 | D        | Found a blossoming altar of Fedhas.
    22 | D        | Found Misekk Miyn's Weapon Rack.
    22 | D        | Found Xiurph's Miscellaneous Merchandise.
    22 | D        | Found Qusmaapp's Basic Armour.
    30 | D        | Reached skill level 4 in Fighting
    30 | D        | Reached XP level 2. HP: 16/28 MP: 2/2
    33 | D        | Found a hide-covered altar of Uskayaw.
    34 | D        | Found a viscous altar of Jiyva.
    35 | D        | Found Gautt's Do-It-Yourself Clinic.
    35 | D        | Found a shadowy altar of Dithmenos.
    35 | D        | Found Ahicity's Distillery.
    36 | D        | Found Foqatile's Bottled Wisdom.
    36 | D        | Found Oshycem's Distillery.
    48 | D        | Reached skill level 5 in Fighting
    48 | D        | Reached skill level 5 in Armour
    48 | D        | Reached skill level 5 in Shields
    48 | D        | Reached XP level 3. HP: 21/36 MP: 3/3
    55 | D        | Noticed Crazy Yiuf
    57 | D        | Became a worshipper of Makhleb the Destroyer
    61 | D        | Killed Crazy Yiuf
    61 | D        | Reached skill level 6 in Fighting
    61 | D        | Reached XP level 4. HP: 28/44 MP: 4/4
    77 | D        | Noticed a gnoll sergeant
    90 | D        | Slain by a gnoll sergeant

Levels and vault maps discovered:
D:        arena_sprint

Skill      XL: |  1  2  3 |
---------------+----------+-----
Fighting       | 4 5 6 |  6.1
Axes           | 3 4 |  4.9
Armour         | 4 5 |  5.6
Shields        | 4 5 |  5.5

Action                   |  1- 3 |  4- 6 || total
-------------------------+-------+-------++-------
Melee: War axe           |    11 |       ||    11
       Quarterstaff      |       |     6 ||     6
Armor: Scale mail        |     2 |     4 ||     6
Dodge: Dodged            |     2 |     2 ||     4
Block: Shield            |     3 |     1 ||     4

Table legend:
 A = Non-vault XP
 B = Vault XP
 C = Vault XP percentage of total XP
 D = Non-vault monster count
 E = Vault monster count
 F = Vault count percentage of total count
                 A         B        C        D         E       F
            +---------+---------+-------+---------+---------+-------
      Total |      99 |       0 |   0.0 |       3 |       0 |   0.0
            +---------+---------+-------+---------+---------+-------
          D |      99 |       0 |   0.0 |       3 |       0 |   0.0
            +---------+---------+-------+---------+---------+-------
